 Dungeon Crawl Stone Soup version 0.30-a0-883-g5ad918d77d (webtiles) character file.

Game seed: 17278315824946626699

71857 bmack86 the Severer (level 14, -4/129 HPs)
             Began as a Minotaur Fighter on Mar 17, 2023.
             Was the Champion of Okawaru.
             Slain by an orc warrior
             ... wielding a +0 trident
             ... led by an orc knight
              (17 damage)
             ... on level 1 of the Orcish Mines.
             The game lasted 00:57:30 (18767 turns).

bmack86 the Severer (Minotaur Fighter)             Turns: 18767, Time: 00:57:32

Health: -4/129     AC: 52    Str: 25    XL:     14   Next: 99%
Magic:  20/20      EV:  7    Int: 10    God:    Okawaru [******]
Gold:   1569       SH: 14    Dex: 13    Spells: 13/13 levels left

rFire   . . .      SeeInvis .    W - +3 broad axe of Okawaru, Usurping {speed, Dex+2}
rCold   + + .      Faith    .    I - +0 kite shield
rNeg    . . .      Spirit   .    e - +12 crystal plate armour of the Lich-sworn {Int+2}
rPois   .          Reflect  .    (helmet restricted)
rElec   .          Rampage  .    M - +0 cloak "Kado" {rC++ Will- Regen+ Int+3}
rCorr   .                        B - +2 pair of gloves {hurl}
Will    .....                    j - +0 pair of boots {Fly} Stlth
                                 L - amulet of the acrobat
HPRegen 1.21/turn                K - +4 ring of protection
MPRegen 0.17/turn                q - +4 ring of protection

@: heroic, flying
A: horns 2, retaliatory headbutt
a: Renounce Religion, Heroism, Finesse, Duel


You were on level 1 of the Orcish Mines.
You worshipped Okawaru.
Okawaru was exalted by your worship.
You visited 4 branches of the dungeon, and saw 21 of its levels.
You visited the Abyss 1 time.
You also visited: Ossuary and Ice Cave.

You collected 1649 gold pieces.
You spent 80 gold pieces at shops.

Inventory:

Hand Weapons
 W - the +3 broad axe of Okawaru, Usurping (weapon) {speed, Dex+2}
   (Okawaru gifted it to you on level 13 of the Dungeon)

   Dex:       It affects your dexterity (+2).
Missiles
 c - 11 javelins
 o - 8 boomerangs (quivered)
 C - 2 throwing nets
 R - 5 silver javelins
 X - 4 silver boomerangs
Armour
 e - the +12 crystal plate armour of the Lich-sworn (worn) {Int+2}
   (You acquired it on level 1 of the Dungeon)

   Int:       It affects your intelligence (+2).
 j - a +0 pair of boots of flying (worn)
 B - a +2 pair of gloves of hurling (worn)
 I - a +0 kite shield (worn)
 M - the +0 cloak "Kado" (worn) {rC++ Will- Regen+ Int+3}
   (You found it on level 11 of the Dungeon)

   Int:       It affects your intelligence (+3).
   rC:        It greatly protects you from cold.
   Regen:     It increases your rate of health regeneration.
   Will:      It decreases your willpower.
Jewellery
 l - an amulet of magic regeneration
 q - a +4 ring of protection (right hand)
 r - a ring of willpower
 y - a ring of positive energy
 J - a ring of ice
 K - a +4 ring of protection (left hand)
 L - an amulet of the acrobat (around neck)
 N - a ring of flight
 T - an amulet of faith
Wands
 u - a wand of mindburst (29)
 A - a wand of flame (70)
 D - a wand of roots (13)
 F - a wand of paralysis (19)
 P - a wand of quicksilver (6)
 S - a wand of polymorph (5)
Scrolls
 a - 2 scrolls of enchant weapon
 b - 9 scrolls of teleportation
 h - a scroll of fog
 p - a scroll of fear
 H - 2 scrolls of blinking
 U - 2 scrolls of magic mapping
Potions
 d - 5 potions of might
 f - 5 potions of brilliance
 g - a potion of ambrosia
 i - 4 potions of lignification
 k - 2 potions of heal wounds
 m - 4 potions of attraction
 n - 3 potions of magic
 s - 5 potions of flight
 t - 3 potions of invisibility
 v - 6 potions of cancellation
 w - 12 potions of curing
 z - 4 potions of haste
 G - 3 potions of resistance


   Skills:
 + Level 13.3(18.3) Fighting
 * Level 17.5(22.5) Axes
 + Level 9.6(14.6) Throwing
 + Level 13.1(18.1) Armour
 + Level 13.3(18.3) Shields
 + Level 9.5 Invocations


You had 13 spell levels left.
You didn't know any spells.
Your spell library contained the following spells:

 Spells                   Type           Power      Damage    Failure   Level
 Kiss of Death            Conj/Necr      0%         2d5       100%        1
 Magic Dart               Conj           0%         1d3       100%        1
 Sandblast                Erth           0%         2d4       100%        1
 Ensorcelled Hibernation  Hex/Ice        0%         N/A       100%        2
 Passwall                 Tmut/Erth      0%         N/A       100%        2
 Sublimation of Blood     Necr           0%         N/A       100%        2
 Confusing Touch          Hex            0%         N/A       100%        3
 Dazzling Flash           Conj/Hex       0%         N/A       100%        3
 Ignite Poison            Fire/Tmut/Pois 0%         N/A       100%        3
 Mephitic Cloud           Conj/Pois/Air  0%         N/A       100%        3
 Ozocubu's Armour         Ice            0%         N/A       100%        3
 Portal Projectile        Hex/Tloc       0%         N/A       100%        3
 Stone Arrow              Conj/Erth      0%         3d7       100%        3
 Swiftness                Air            0%         N/A       100%        3
 Dispel Undead            Necr           0%         3d6       100%        4
 Fulminant Prism          Conj/Hex       0%         3d5       100%        4
 Petrify                  Tmut/Erth      0%         N/A       100%        4
 Sticky Flame             Conj/Fire      0%         2d3       100%        4
 Blade Hands              Tmut           0%         N/A       100%        5
 Irradiate                Conj/Tmut      0%         3d11      100%        5
 Silence                  Hex/Air        0%         N/A       100%        5
 Ozocubu's Refrigeration  Ice            0%         4d7       100%        7
 Discord                  Hex            0%         N/A       100%        8
 Ignition                 Fire           0%         3d3       100%        8
 Call Imp                 Summ           Unusable   N/A       N/A         2
 Tukima's Dance           Hex            Unusable   N/A       N/A         3

Dungeon Overview and Level Annotations

Branches:
Dungeon (14/15)            Temple (1/1) D:5            Lair (5/5) D:10
 Shoals (0/4) Lair:2        Snake (0/4) Lair:3        Slime (0/5) Lair:4
    Orc (1/2) D:9          Vaults (0/5) D:13        Ossuary (visited)
  IceCv (visited)

Altars:
Cheibriados
Dithmenos
Hepliaklqana
Kikubaaqudgha
Makhleb
Nemelex Xobeh
Okawaru
Qazlal
Ru
Sif Muna
Trog
Vehumet
Wu Jian
Xom
Yredelemnul
Zin
The Shining One
Jiyva

Shops:
D:3 :   D:11 *   D:12 [

Annotations:
Lair:3 3 runed translucent doors, Vacku Hude's ghost, journeyman HOFi


Innate Abilities, Weirdness & Mutations

You have a pair of horns on your head.
You reflexively headbutt those who attack you in melee.


Message History

You feel less confused.
You feel a little less mighty now. The ogre closely misses you.
You furiously retaliate!
You headbutt the ogre. Something hits you but does no damage.
The orc warrior throws a boomerang.
You block the orc warrior's attack. The orc barely misses you.
You hit the orc. You headbutt the orc.
The orc is heavily wounded.
You hit the ogre. You miss something. You barely miss the orc.
The orc is heavily wounded.
You completely miss something. You slash the ogre!
You kill the ogre!
Okawaru accepts your kill.
You slash the orc!
You kill the orc!
You miss something. You block the orc warrior's attack.
The orc warrior closely misses you.
You hit something. You closely miss something.
Something hits you but does no damage.
The orc warrior hits you but does no damage.
The orc warrior completely misses you.
You miss something. You closely miss something. Your headbutt misses something.
You hear some strange, mumbled words.
A puff of flame appears from out of thin air!
The puff of flame hits you.
* * * LOW HITPOINT WARNING * * *
You block the orc warrior's attack. x2
You miss something. Something hits you.
* * * LOW HITPOINT WARNING * * *
The orc warrior hits you from afar with a +0 trident!
* * * LOW HITPOINT WARNING * * *
The orc warrior throws a boomerang.
You block the boomerang.
You closely miss something. Your headbutt misses something.
You slice something!! Okawaru accepts your kill.
Reactivating autopickup.
You feel a bit more experienced.
The orc warrior throws a boomerang.
The boomerang closely misses you.
The orc warrior hits you from afar with a +0 trident!
You die...

.........#.......###....
......####..#..## ##...
.....##...##...#.#...#
#.......#.###.......<
#.....$##.# .....>#.#
##.$...# ###.#^..####
..# ##..$$###.##...#.#
.....#.)))......#..#.##
#......)@#.........
##.....)##........
#...ooo###.^....#
.......To ...####
#..#..... $...#
...#...... ..#.# .
##..... ##.....


You could see a troll, 2 orc warriors and an orc (strong).

Vanquished Creatures
  An orc warlord (Orc:1)
  The ghost of Sanktem7 the Cleaver, a journeyman MiFi of Okawaru (D:12)
  A fire dragon (Lair:3)
  3 catoblepae (Lair:5)
  2 hydras
  4 boulder beetles
  3 two-headed ogres
  A tengu warrior (D:11)
  16 death yaks
  A skyshark (Lair:5)
  A sixfirhy (D:10)
  5 skeletal warriors (D:14)
  A wizard (D:12)
  3 phantasmal warriors (D:12)
  An orc knight (Orc:1)
  A necromancer (D:13)
  10 ugly things
  An oklob plant (Lair:4)
  3 manticores
  Joseph (D:7)
  3 merfolk sirens (Lair:2)
  12 elephants
  2 ice statues (IceCv)
  A torpor snail (Lair:2)
  7 black mambas
  A gargoyle (D:11)
  15 cane toads
  2 rime drakes
  4 freezing wraiths
  An unseen horror (D:7)
  9 komodo dragons
  3 trolls
  A tengu conjurer (D:13)
  3 polar bears
  A merfolk (Lair:2)
  Grinder (D:4)
  The ghost of Dittersdorf the Shield-Bearer, an amateur HuFi (D:3)
  8 blink frogs
  2 raiju (Abyss:2)
  Sigmund (D:5)
  14 slime creatures
  A vampire (D:11)
  3 shadows
  42 yaks
  3 wraiths
  5 wyverns
  Grum (D:8)
  3 steam dragons
  A chaos spawn (Abyss:2)
  2 vampire mosquitoes (D:14)
  6 basilisks
  Menkaure (D:4)
  A two-headed ogre zombie (D:9)
  A hydra simulacrum (IceCv)
  A warg (Orc:1)
  An acid dragon (D:9)
  3 nagas (Lair:3)
  Duvessa (D:4)
  12 water moccasins
  7 orc warriors
  A sky beast (D:8)
  3 ice beasts
  A black bear (D:7)
  2 ogres
  5 boggarts
  2 centaurs (D:9)
  13 wolves
  2 phantoms
  2 kobold brigands
  8 bullfrogs
  2 gnoll sergeants
  3 scorpions
  A cane toad simulacrum (IceCv)
  A wight (D:10)
  Dowan (D:4)
  A troll zombie (D:9)
  An elephant simulacrum (IceCv)
  2 killer bees (D:7)
  5 electric eels
  4 howler monkeys
  4 jellies
  A hound (D:7)
  9 orc priests
  Jessica (D:2)
  4 iguanas
  14 orc wizards
  A wolf simulacrum (IceCv)
  6 ogre zombies (D:9)
  2 mummies (Ossuary)
  10 gnolls
  7 adders
  A shadow imp (D:6)
  19 white imps
  2 ufetubi
  2 adder zombies (Ossuary)
  2 worms (D:5)
  A dart slug (D:1)
  41 orcs
  4 bats
  11 endoplasms
  4 giant cockroaches
  8 hobgoblins
  2 jackals (D:2)
  2 quokkas
  4 ball pythons
  15 frilled lizards
  3 gnoll zombies (Ossuary)
  9 goblins
  2 goblin skeletons (D:9)
  A goblin zombie (D:9)
  2 hobgoblin skeletons (D:9)
  11 hobgoblin zombies
  14 kobolds
  10 kobold zombies (Ossuary)
  2 orc skeletons (D:9)
  18 orc zombies
  6 rats
  A bush (Lair:4)
  A butterfly (Lair:1)
564 creatures vanquished.

Vanquished Creatures (others)
  An unseen horror (D:12)
  2 foxfires (Abyss:2)
  17 fungi
  38 plants
58 creatures vanquished.

Grand Total: 622 creatures vanquished

Notes
Turn   | Place    | Note
-------+----------+-------------------------------------------
     0 | D:1      | bmack86 the Minotaur Fighter began the quest for the Orb.
     0 | D:1      | Reached XP level 1. HP: 19/19 MP: 0/0
   104 | D:1      | Reached XP level 2. HP: 27/27 MP: 1/1
   193 | D:1      | Reached skill level 3 in Axes
   545 | D:1      | Reached XP level 3. HP: 33/33 MP: 2/2
   838 | D:1      | Identified a scroll of acquirement
   840 | D:1      | Acquired the +12 crystal plate armour of the Lich-sworn
                  | {Int+2}
   860 | D:2      | Noticed Jessica
   869 | D:2      | Killed Jessica
   916 | D:2      | Reached XP level 4. HP: 40/40 MP: 3/3
  1011 | D:2      | Reached skill level 4 in Axes
  1401 | D:3      | Reached XP level 5. HP: 47/47 MP: 4/4
  1552 | D:3      | Found a runed translucent gate.
  1552 | D:3      | Found a runed translucent gate.
  1553 | D:3      | Got the Excursus on Malisons
  1555 | D:3      | Found a runed translucent gate.
  1557 | D:3      | Noticed Dittersdorf's ghost (amateur HuFi)
  1571 | D:3      | Killed Dittersdorf's ghost
  1572 | D:3      | Reached skill level 5 in Fighting
  1572 | D:3      | Reached skill level 5 in Axes
  1572 | D:3      | Reached skill level 5 in Armour
  1572 | D:3      | Reached skill level 5 in Shields
  1572 | D:3      | Reached XP level 6. HP: 52/56 MP: 5/5
  1718 | D:3      | Found Zehaenuz's Book Boutique.
  1990 | D:4      | Noticed Grinder
  2009 | D:4      | Paralysed by Grinder for 2 turns
  2016 | D:4      | Killed Grinder
  2017 | D:4      | Reached skill level 6 in Axes
  2017 | D:4      | Reached XP level 7. HP: 36/61 MP: 6/6
  2308 | D:4      | Noticed Duvessa
  2310 | D:4      | Noticed Dowan
  2326 | D:4      | Killed Duvessa
  2330 | D:4      | Killed Dowan
  2383 | D:4      | Noticed Menkaure
  2390 | D:4      | Killed Menkaure
  2391 | D:4      | Reached skill level 7 in Axes
  2713 | D:5      | Entered Level 5 of the Dungeon
  2770 | D:5      | Noticed Sigmund
  2778 | D:5      | Killed Sigmund
  2779 | D:5      | Reached XP level 8. HP: 70/70 MP: 7/7
  2877 | D:5      | Found a sand-covered staircase.
  2895 | Ossuary  | Entered an ossuary
  3140 | D:5      | Reached skill level 8 in Axes
  3628 | D:5      | Found a staircase to the Ecumenical Temple.
  3637 | Temple   | Entered the Ecumenical Temple
  3758 | Temple   | Became a worshipper of Warmaster Okawaru
  3812 | D:5      | Found the +6 shillelagh "Devastator" {shatter}
  3852 | D:5      | Found a sparkling altar of Nemelex Xobeh.
  4270 | D:6      | Reached skill level 9 in Axes
  4779 | D:7      | Reached skill level 1 in Invocations
  4783 | D:7      | Reached skill level 1 in Throwing
  4821 | D:7      | Reached XP level 9. HP: 79/79 MP: 8/8
  5072 | D:7      | Noticed Joseph
  5097 | D:7      | Killed Joseph
  5097 | D:7      | Reached * piety under Okawaru
  5173 | D:7      | Noticed a purple ugly thing
  5174 | D:7      | Noticed a troll
  5191 | D:7      | Killed an unseen horror
  5205 | D:7      | Killed a purple ugly thing
  5206 | D:7      | Reached skill level 10 in Axes
  5217 | D:7      | Killed a troll
  5218 | D:7      | Reached ** piety under Okawaru
  5476 | D:7      | Reached XP level 10. HP: 83/88 MP: 11/11
  6050 | D:8      | Noticed Grum
  6082 | D:8      | Killed Grum
  6082 | D:8      | Reached *** piety under Okawaru
  6083 | D:8      | Reached skill level 11 in Axes
  6276 | D:8      | Identified the +3 dagger "Gikorumn" {venom, SInv}
  6415 | D:8      | Found a snail-covered altar of Cheibriados.
  6496 | D:8      | Found a transporter.
  6497 | D:8      | Found a transporter.
  6501 | D:8      | Found a transporter.
  6502 | D:8      | Found a transporter.
  6778 | D:9      | Found a staircase to the Orcish Mines.
  7126 | D:9      | Noticed a two-headed ogre
  7131 | D:9      | Killed a two-headed ogre
  7131 | D:9      | Reached **** piety under Okawaru
  7845 | D:10     | Entered Level 10 of the Dungeon
  8039 | D:10     | Found a staircase to the Lair.
  8065 | D:10     | Reached XP level 11. HP: 94/97 MP: 13/13
  8261 | D:10     | Found a runed translucent door.
  8261 | D:10     | Noticed a sixfirhy
  8272 | D:10     | Reached skill level 12 in Axes
  8279 | D:10     | Reached skill level 5 in Invocations
  8473 | D:10     | Noticed a two-headed ogre
  8480 | D:10     | Killed a two-headed ogre
  8481 | D:10     | Reached skill level 5 in Throwing
  8575 | D:10     | Reached ***** piety under Okawaru
  8583 | D:10     | Received a gift from Okawaru
  9178 | D:10     | Killed a sixfirhy
  9521 | D:11     | Reached skill level 10 in Shields
  9599 | D:11     | Found Xoses's General Store.
  9614 | D:11     | Bought a scroll of identify for 32 gold pieces
  9614 | D:11     | Bought a potion of curing for 48 gold pieces
  9641 | D:11     | Noticed a boulder beetle
  9664 | D:11     | Killed a boulder beetle
  9665 | D:11     | Reached skill level 13 in Axes
  9826 | D:11     | Identified the +0 cloak "Kado" {rC++ Will- Regen+ Int+3}
  9915 | D:11     | Noticed a tengu warrior
  9940 | D:11     | Killed a tengu warrior
  9941 | D:11     | Reached skill level 10 in Fighting
  9941 | D:11     | Reached skill level 10 in Armour
 10479 | D:12     | Noticed a boulder beetle
 10512 | D:12     | Killed a boulder beetle
 10597 | D:12     | Found a runed translucent gate.
 10597 | D:12     | Found a runed translucent gate.
 10597 | D:12     | Found a runed translucent gate.
 10599 | D:12     | Noticed Sanktem7's ghost (journeyman MiFi)
 10599 | D:12     | Noticed a phantasmal warrior
 10599 | D:12     | Noticed a phantasmal warrior
 10609 | D:12     | Found a frozen archway.
 10615 | D:12     | Received a gift from Okawaru
 10654 | IceCv    | Entered an ice cave
 10654 | IceCv    | Noticed a white ugly thing
 10657 | IceCv    | Found a transporter.
 10665 | IceCv    | Killed a white ugly thing
 10666 | IceCv    | Reached XP level 12. HP: 100/106 MP: 13/15
 10674 | IceCv    | Found a transporter.
 10760 | IceCv    | Received a gift from Okawaru
 11026 | Abyss:2  | Cast into level 2 of the Abyss (a wizard)
 11115 | D:12     | Escaped the Abyss
 11354 | D:12     | Found Mumm's Armour Shoppe.
 11530 | D:12     | Killed Sanktem7's ghost
 11530 | D:12     | Received a gift from Okawaru
 11531 | D:12     | Reached skill level 14 in Axes
 11898 | D:13     | Noticed a boulder beetle
 11934 | D:13     | Killed a boulder beetle
 11974 | D:13     | Received a gift from Okawaru
 12306 | D:13     | Noticed a two-headed ogre
 12308 | D:13     | Noticed a seven-headed hydra
 12312 | D:13     | Killed a two-headed ogre
 12320 | D:13     | Killed an 11-headed hydra
 12447 | D:13     | Found a gate to the Vaults.
 12547 | D:14     | Noticed a centaur warrior
 12549 | D:14     | Noticed a centaur warrior
 12550 | D:14     | Noticed a tengu warrior
 12553 | D:14     | Noticed a death knight
 12591 | D:13     | Identified the +3 broad axe of Okawaru, Usurping {speed,
                  | Dex+2} (Okawaru gifted it to you on level 13 of the
                  | Dungeon)
 12591 | D:13     | Received a gift from Okawaru
 12674 | D:14     | Reached XP level 13. HP: 116/116 MP: 17/17
 12966 | D:14     | Reached skill level 15 in Axes
 13678 | Lair:1   | Entered Level 1 of the Lair of Beasts
 13721 | Lair:1   | Received a gift from Okawaru
 14013 | Lair:1   | Identified the +4 ring mail "Ciptil" {Stlth+}
 15028 | Lair:2   | Found a staircase to the Shoals.
 15160 | Lair:2   | Reached skill level 16 in Axes
 15282 | Lair:3   | Found a staircase to the Snake Pit.
 15419 | Lair:3   | Reached XP level 14. HP: 126/126 MP: 19/19
 15438 | Lair:3   | Found a runed translucent gate.
 15448 | Lair:3   | Found a runed translucent gate.
 15451 | Lair:3   | Found a runed translucent gate.
 15451 | Lair:3   | Noticed Vacku Hude's ghost (journeyman HOFi)
 15662 | Lair:3   | Received a gift from Okawaru
 16737 | Lair:4   | Received a gift from Okawaru
 16870 | Lair:4   | Reached ****** piety under Okawaru
 17036 | Lair:4   | Found a staircase to the Slime Pits.
 17045 | Lair:4   | Found a viscous altar of Jiyva.
 17229 | Lair:5   | Entered Level 5 of the Lair of Beasts
 17487 | Lair:5   | Reached skill level 17 in Axes
 17518 | Lair:5   | Identified the +2 robe "Ygios" {rF+}
 18643 | Orc:1    | Entered Level 1 of the Orcish Mines
 18726 | Orc:1    | Noticed an orc warlord
 18746 | Orc:1    | Received a gift from Okawaru
 18753 | Orc:1    | Killed an orc warlord
 18755 | Orc:1    | HP: 2/129 [ogre/+0 giant club (14)]
 18767 | Orc:1    | Slain by an orc warrior

Illustrated notes

Levels and vault maps discovered:
D:1:      wander_arrival_lonely_grave, layout_basic,
          hangedman_decor_clover_reticule, minmay_lizard_pond
D:2:      layout_rooms, uniq_jessica
D:3:      layout_rooms, ebering_ghost_rock_garden, serial_shops,
          nicolae_shop_hallway_stairs
D:4:      layout_cave_pools, uniq_duvessa, uniq_grinder, uniq_menkaure
D:5:      layout_rooms, nemelex_diamond_rough_becter, lemuel_temple_firewalk_b,
          lightli_ossuary_entry_decrepit_ruins, serial_aquarium,
          aquarium_bridge_straight [aquarium_subvault_bridge,
          aquarium_subvault_window, aquarium_subvault_bridge,
          aquarium_subvault_wall], aquarium_window_2, aquarium_window_corner,
          aquarium_window_corner, aquarium_window_3, aquarium_view_2c,
          aquarium_view_2c, minivault_27, uniq_sigmund
D:6:      layout_loops_cross
D:7:      minmay_chambers_of_sevens, layout_cave_pods, uniq_joseph
D:8:      layout_basic, kennysheep_mini, nicolae_diode_quadrants, uniq_grum
D:9:      layout_loops_ring, zombieorc2_lemuel, corexii_checkpoint_a
D:10:     cheibrodos_shockbox, layout_irregular_city, minmay_lair_entry_grove,
          serial_ice, serial_ice_m, serial_ice_k, serial_ice_e, serial_ice_f
D:11:     layout_irregular_city, serial_shops, shop
D:12:     layout_long_grid, portal_ice_cave_entry_imps, serial_shops, shop,
          gammafunk_ghost_spectres
D:13:     layout_loops_ring, david_vaults_1
D:14:     layout_basic, serial_rivers, chequers_serial_rivers_marsh,
          chequers_serial_rivers_large_b, chequers_serial_rivers_small_a,
          chequers_serial_rivers_micro_e, chequers_serial_rivers_micro_a,
          chequers_serial_rivers_large_a
Temple:   nicolae_temple_slightly_damp_pantheon
Lair:1:   layout_cave_pods, st_stairs_3, lemuel_fruit_fields
Lair:2:   layout_chaotic_city, elwin_shoals_entry_stream, grunt_megastairs_4
Lair:3:   dragon1_lemuel, layout_layer_cave, guppyfry_snake_entry_island,
          gammafunk_ghost_hydra_chop
Lair:4:   layout_concentric_octagons, slime_entry_1, minmay_lair_oklob_bushes
Lair:5:   evilmike_catoblepas_cave, layout_cave_pods,
          infiniplex_staircase_pool_2
Orc:1:    layout_diamond_mine, serial_shops, nicolae_shop_hallway_plus

Skill      XL: |  1  2  3  4  5  6  7  8  9 10 11 12 13 14 |
---------------+-------------------------------------------+-----
Axes           | 3 4 5 6 7 9 10 11 13 14 16 17 | 17.5
Armour         | 4 5 6 7 8 9 10 11 12 13 | 13.1
Shields        | 4 5 6 7 8 9 10 11 12 13 | 13.3
Fighting       | 4 5 6 7 8 9 10 11 12 13 | 13.3
Invocations    | 1 3 4 6 7 8 9 |  9.5
Throwing       | 1 3 4 6 7 8 9 |  9.6

Action                     |  1- 3 |  4- 6 |  7- 9 | 10-12 | 13-15 || total
---------------------------+-------+-------+-------+-------+-------++-------
  Melee: War axe           |    84 |   117 |   318 |   758 |       ||  1277
         Headbutt          |     9 |    20 |    59 |   190 |   180 ||   458
         Broad axe         |       |       |       |    34 |   715 ||   749
  Throw: Boomerang         |       |       |     6 |     3 |     4 ||    13
 Invoke: Heroism           |       |       |     1 |     8 |     3 ||    12
         Finesse           |       |       |       |     3 |       ||     3
    Use: Scroll            |     4 |     3 |     8 |     7 |    10 ||    32
         Potion            |       |       |       |     1 |     4 ||     5
 Armour: Scale mail        |    21 |       |       |       |       ||    21
         Plate armour      |    10 |       |       |       |       ||    10
         Crystal plate arm |    24 |   121 |   292 |   796 |   480 ||  1713
  Dodge: Dodged            |    33 |    23 |    48 |   179 |   179 ||   462
  Block: Buckler           |    22 |    20 |    83 |    77 |       ||   202
         Kite shield       |       |       |       |   250 |   374 ||   624

Table legend: (Time is in decaauts)
 A = Elapsed time spent in this place.
 B = Non-inter-level travel time spent in this place.
 C = Inter-level travel time spent in this place.
 D = Time resting spent in this place.
 E = Time spent auto-exploring this place.
 F = Levels seen in this place.
 G = Mean time per level.
                   A        B        C        D        E       F      G
               +--------+--------+--------+--------+--------+-----+--------+
         Total |  18612 |  17825 |    787 |    229 |  12018 |  24 |  775.5 |
       Dungeon |  13257 |  12650 |    607 |    157 |   8609 |  14 |  946.9 |
        Temple |    142 |    122 |     20 |      0 |     98 |   1 |  142.0 |
          Lair |   4711 |   4553 |    158 |     72 |   3302 |   5 |  942.2 |
  Orcish Mines |     99 |     99 |      0 |      0 |      9 |   1 |   99.0 |
         Abyss |     87 |     87 |      0 |      0 |      0 |   1 |   87.0 |
       Ossuary |    176 |    176 |      0 |      0 |      0 |   1 |  176.0 |
      Ice Cave |    136 |    136 |      0 |      0 |      0 |   1 |  136.0 |
               +--------+--------+--------+--------+--------+-----+--------+

Top non-repeatable levels by time:
    D:10: 1423 daAuts
    D:11: 1221 daAuts
  Lair:3: 1213 daAuts
  Lair:5: 1178 daAuts
     D:9: 1106 daAuts
     D:7: 1075 daAuts
    D:14: 1068 daAuts
    D:12: 963 daAuts
     D:8: 948 daAuts
     D:1: 923 daAuts
    D:13: 921 daAuts
  Lair:1: 898 daAuts
     D:5: 897 daAuts
     D:4: 788 daAuts
     D:3: 724 daAuts
